 Dungeon Crawl Stone Soup version 0.29.1-12-g30fa7ad0bf (webtiles) character file.

Game seed: 1489780701035361471

42 KittyFluff the Trooper (level 3, 0/23 HPs)
             Began as a Gargoyle Berserker on Jan 14, 2023.
             Was a Believer of Trog.
             Slain by a gnoll
             ... wielding a +0 halberd
              (6 damage)
             ... on level 2 of the Dungeon.
             The game lasted 00:05:36 (1456 turns).

KittyFluff the Trooper (Gargoyle Berserker)         Turns: 1456, Time: 00:05:37

Health: 0/23       AC:  6    Str: 20    XL:     3   Next: 54%
Magic:  3/3        EV: 12    Int:  7    God:    Trog [**....]
Gold:   104        SH:  0    Dex: 11    Spells: 2/2 levels left

rFire   + . .      SeeInvis .   a - +0 mace
rCold   + . .      Faith    .   (no shield)
rNeg    + . .      Spirit   .   k - +0 robe {rC+ rF+}
rPois   ∞          Reflect  .   (no helmet)
rElec   +          Harm     .   b - +0 cloak
rCorr   .          Rampage  .   (no gloves)
Will    .....                   (no boots)
Stlth   +.........              (no amulet)
HPRegen 0.07/turn               (no ring)
MPRegen 0.08/turn               (no ring)

@: no status effects
A: sickness immunity, AC +3, negative energy resistance 1, electricity
resistance, torment resistance 1, petrification resistance
a: Renounce Religion, Berserk, Trog's Hand


You were on level 2 of the Dungeon.
You worshipped Trog.
Trog was pleased with you.
You visited 1 branch of the dungeon, and saw 2 of its levels.

You collected 104 gold pieces.

Inventory:

Hand Weapons
 a - a +0 mace (weapon)
Missiles
 o - 8 stones (quivered)
Armour
 b - a +0 cloak (worn)
 c - a +0 leather armour
 i - a +2 ring mail of positive energy
 k - a +0 robe of resistance (worn)
 n - a +0 chain mail
Scrolls
 d - 2 scrolls of identify {unknown}
 e - a scroll of silence {unknown}
 f - a scroll of acquirement {unknown}
 j - a scroll of summoning {unknown}
 m - a scroll of magic mapping {unknown}
Potions
 g - a potion of attraction {unknown}
 h - a potion of curing {unknown}
 l - a potion of haste {unknown}


   Skills:
 + Level 3.6 Fighting
 * Level 3.5 Maces & Flails
 * Level 3.0 Armour
 + Level 1.9 Dodging


You had 2 spell levels left.
You didn't know any spells.
Your spell library was empty.

Dungeon Overview and Level Annotations

Branches:
Dungeon (2/15)

Altars:


Innate Abilities, Weirdness & Mutations

You are immune to sickness and miasma.
Your stone body is resilient. (AC +3)
You are immune to poison.
You resist negative energy. (rN+)
You are resistant to electric shocks. (rElec)
You are resistant to unholy torment.
You are immune to petrification.


Message History

There is an open door here.
Throw: 11 stones
Press: ? - help, Q - select action Shift-Dir - straight line, f - gnoll
Aim: a gnoll, wielding a +0 club (60% to hit)
You throw a stone.
The stone hits the gnoll but does no damage.
Throw: 10 stones
Press: ? - help, Q - select action Shift-Dir - straight line, f/p - gnoll
Aim: a gnoll, wielding a +0 club (60% to hit)
You throw a stone.
The stone hits the gnoll but does no damage.
Throw: 9 stones
Press: ? - help, Q - select action Shift-Dir - straight line, f/p - gnoll
Aim: a gnoll, wielding a +0 club (60% to hit)
You throw a stone. The stone hits the gnoll.
The gnoll is lightly wounded.
The gnoll attacks as you move away! The gnoll closely misses you.
You hit the gnoll but do no damage.
The gnoll is lightly wounded.
The gnoll barely misses you.
You hit the gnoll but do no damage.
The gnoll is lightly wounded.
The gnoll hits you with a +0 club.
The gnoll hits you from afar with a +0 spear.
The gnoll barely misses you. The gnoll hits you but does no damage.
The gnoll shouts!
You hit the gnoll.
The gnoll is heavily wounded.
The gnoll hits you with a +0 club.
The gnoll hits you from afar with a +0 spear.
You fail to use your ability.
The gnoll misses you. x2
You sock the gnoll!
You kill the gnoll!
Trog accepts your kill.
You can now call upon Trog for regeneration and willpower.
The gnoll hits you from afar with a +0 spear.
* * * LOW HITPOINT WARNING * * *
Your Armour skill increases to level 3!
The gnoll hits you from afar with a +0 halberd.
You die...

#...###.###
#......#.####
#...#..)..#
#...>........
#...#.....#
##.....#.##
#...#.....####.....#
#
#...#...........#.##
###.#.....#.....#.#
#.......#.#..##.#
#######.#.#g###.#
#......gg@..#
#.....#######
#.....# ###g####
#######'##.#
......g....#
...........#
..........##
..........# ###


You could see 3 gnolls.

Vanquished Creatures
  A gnoll (D:2)
  2 dart slugs (D:1)
  3 hobgoblins (D:1)
  4 jackals (D:1)
  A kobold (D:2)
  A quokka (D:1)
  A ball python (D:1)
  2 bats
  3 frilled lizards
  3 goblins (D:1)
  8 rats
29 creatures vanquished.

Notes
Turn   | Place    | Note
-------+----------+-------------------------------------------
     0 | D:1      | KittyFluff the Gargoyle Berserker began the quest for the
                  | Orb.
     0 | D:1      | Reached XP level 1. HP: 14/14 MP: 1/1
   252 | D:1      | Reached XP level 2. HP: 13/19 MP: 2/2
   616 | D:1      | Reached XP level 3. HP: 23/23 MP: 3/3
   946 | D:2      | Found a faded altar of an unknown god.
  1455 | D:2      | Reached ** piety under Trog
  1456 | D:2      | Slain by a gnoll

Illustrated notes

Levels and vault maps discovered:
D:1:      enne_arrival_octagon_isle, layout_basic
D:2:      minmay_general_purpose_star, layout_basic,
          shapermc_ecumenical_altar_totnotflames, uniq_crazy_yiuf_cottage

Skill      XL: |  1  2  3 |
---------------+----------+-----
Armour         | 3 |  3.0
Fighting       | |  3.6
Maces & Flails | |  3.5
Dodging        | |  1.9

Action                   || total
-------------------------++-------
Melee: Mace              ||    79
Throw: Stone             ||     3
 Stab: Sleeping          ||     1
Armor: Leather armour    ||    27
       Robe              ||     8
Dodge: Dodged            ||    49
